 Dungeon Crawl Stone Soup version 0.31-a0-1074-g0b22e4e0f1 (webtiles) character file.

Game seed: 4766209915504284212

179 monsoonserge the Charlatan (level 5, 0/33 HPs)
             Began as an Octopode Artificer on Dec 4, 2023.
             Slain by an orc
             ... wielding a +0 flail
              (5 damage)
             ... on level 3 of the Dungeon.
             The game lasted 00:09:04 (3147 turns).

monsoonserge the Charlatan (Octopode Artificer)     Turns: 3147, Time: 00:09:04

Health: 0/33       AC:  1    Str: 13    XL:     5   Next: 59%
Magic:  5/5        EV: 13    Int: 14    God:
Gold:   91         SH:  0    Dex: 12    Spells: 2/4 levels left

rFire   . . .        s - +1 hand axe (heavy)
rCold   . . .        (no shield)
rNeg    . . .        (helmet restricted)
rPois   .            (no amulet)
rElec   .            p - ring of willpower
rCorr   .            (no ring)
SInv    .            (no ring)
Will    +....        (no ring)
Stlth   +++          (no ring)
HPRegen 0.25/turn    (no ring)
MPRegen 0.09/turn    (no ring)
                     (no ring)

%: no passive effects
@: no status effects
A: almost no armour, amphibious, 8 rings, camouflage 1, gelatinous body 1,
(nimble swimmer 1), tentacles
a: no special abilities


You were on level 3 of the Dungeon.
You visited 1 branch of the dungeon, and saw 3 of its levels.

You collected 91 gold pieces.

Inventory:

Hand Weapons
 a - a +0 short sword
 e - a +0 club
 s - a +1 heavy hand axe (weapon)
Missiles
 l - 8 poisoned darts (quivered)
Armour
 n - an orb of mayhem
Jewellery
 p - a ring of willpower (left tentacle)
Wands
 b - a wand of flame (15)
 c - a wand of charming (14)
 d - a wand of iceblast (5)
Scrolls
 f - 4 scrolls of identify {unknown}
 g - a scroll of fear {unknown}
 m - 2 scrolls of vulnerability {unknown}
 o - a scroll of fog {unknown}
 q - a scroll of poison {unknown}
 r - a scroll of teleportation {unknown}
Potions
 h - 3 potions of heal wounds {unknown}
 i - a potion of enlightenment {unknown}
 j - a potion of mutation {unknown}
 k - a potion of attraction {unknown}


   Skills:
 - Level 1.0 Fighting
 * Level 0.6 Axes
 - Level 3.0 Dodging
 - Level 2.0 Stealth
 * Level 3.7 Unarmed Combat
 + Level 4.3 Evocations


You had 2 spell levels left.
You knew the following spells:

 Your Spells              Type           Power      Damage    Failure   Level
a - Blink                 Tloc           0%         N/A       41%         2

Your spell library contained the following spells:

 Spells                   Type           Power      Damage    Failure   Level
 Lesser Beckoning         Tloc           0%         N/A       41%         2
 Momentum Strike          Conj/Tloc      0%         3d8       41%         2
 Tukima's Dance           Hex            0%         N/A       65%         3
 Passage of Golubria      Tloc           0%         N/A       96%         4
 Yara's Violent Unravell  Hex/Tmut       0%         3d3       100%        5


Dungeon Overview and Level Annotations

Branches:
Dungeon (3/15)

Altars:
Ashenzari

Annotations:
D:3 Grinder


Innate Abilities, Weirdness & Mutations

You cannot wear most types of armour.
You are amphibious.
You can wear up to eight rings at the same time.
Your skin changes colour to match your surroundings (Stealth+).
Your rubbery body absorbs attacks. (AC +1, EV +1)
((You are camouflaged when in or above water. (Stealth+)))
You have tentacles for arms and can constrict up to eight enemies at once.


Message History

Natasha screams in fury as she dies!
You start resting.
HP restored.
There is a stone staircase leading up here.
An orc comes into view. It is wielding a +0 flail.
A hobgoblin comes into view.
The hobgoblin shouts!
You hear a shout!
The hobgoblin throws a stone.
The stone hits you.
An orc wizard comes into view. It is wielding a +0 dagger.
An orc comes into view. It is wielding a +0 dagger.
You closely miss the hobgoblin.
The orc shouts! x2; The orc wizard shouts!
Your grab misses the hobgoblin.
You hear a shout!
An orc comes into view. It is wielding a +0 flail.
The hobgoblin hits you.
An orc priest comes into view. It is wielding a +0 mace.
The hobgoblin hits you.
The orc moves out of view.
You closely miss the hobgoblin. You grab the hobgoblin.
You constrict the hobgoblin. The hobgoblin misses you. The hobgoblin hits you.
You hit the orc wizard. You grab the orc wizard. You squeeze the orc wizard.
The orc wizard is lightly wounded.
You hit the hobgoblin.
You kill the hobgoblin!
You closely miss the orc. You constrict the orc wizard.
The orc hits you with a +0 flail!
The orc wizard hits you with a +0 dagger.
* * * LOW HITPOINT WARNING * * *
The orc priest looks encouraged for a moment.
The orc closely misses you.
The orc wizard hits you with a +0 dagger.
* * * LOW HITPOINT WARNING * * *
The orc hits you with a +0 dagger.
* * * LOW HITPOINT WARNING * * *
Aiming: Charm
Press: ? - help, Shift-Dir - straight line, f - orc
Aim: an orc, wielding a +0 dagger (chance to affect: 76%)
The orc is charmed.
You constrict the orc wizard. The orc hits you with a +0 flail.
You die...

#...# #.##.~.~. #.#...#~# ##
###.#...~8.#######.8#
#......o#.~~~~_.~.~~#
.#####.......##~~...~.~###
.............~~#...~~..# #
#......o..o.#~.~~..~# #
#...@o....#~.~...#~~#
#############....o...~.##+++##~##
......................~...~~.. #
#############........)..##.#..
......# #............... #####.#
#...........#### #.#
#...........# #.# #...........#
#.# #...........#


You could see an orc priest, an orc wizard, 2 orcs and a friendly orc (charmed).

Vanquished Creatures
  Terence (D:3)
  Natasha (D:3)
  An orc wizard (D:3)
  2 gnolls (D:2)
  7 orcs (D:3)
  9 ball pythons
  4 bats (D:1)
  9 endoplasms
  3 giant cockroaches (D:1)
  4 hobgoblins
  7 jackals (D:1)
  6 quokkas
  4 frilled lizards
  5 goblins
  3 kobolds
  6 rats
  A spectral kobold (D:3)
73 creatures vanquished.

Notes
Turn   | Place    | Note
-------+----------+-------------------------------------------
     0 | D:1      | monsoonserge the Octopode Artificer began the quest for the
                  | Orb.
     0 | D:1      | Reached XP level 1. HP: 13/13 MP: 1/1
   213 | D:1      | Reached XP level 2. HP: 15/18 MP: 2/2
   331 | D:1      | Reached skill level 1 in Unarmed Combat
   444 | D:1      | Reached skill level 4 in Evocations
   448 | D:1      | Reached XP level 3. HP: 23/23 MP: 3/3
   696 | D:1      | Learned a level 2 spell: Blink
  1200 | D:2      | Found a broken altar of Ashenzari.
  1594 | D:2      | Reached XP level 4. HP: 10/28 MP: 4/4
  2269 | D:3      | Found a faded altar of an unknown god.
  2419 | D:3      | Noticed Natasha
  2473 | D:3      | Noticed Terence
  2484 | D:3      | Killed Terence
  2612 | D:3      | Reached XP level 5. HP: 33/33 MP: 5/5
  2876 | D:3      | Noticed Grinder
  3087 | D:3      | Killed Natasha
  3147 | D:3      | Slain by an orc

Illustrated notes

Levels and vault maps discovered:
D:1:      matt_arrival_los_fun, layout_loops_ring, reono_crystal_passage,
          minmay_indecisive_spiral
D:2:      wad_woods_stonehenge, layout_loops_ring,
          chequers_hall_statues_corner_a, hangedman_abyss_or_decor_stabs
D:3:      layout_basic, led_sif_pool, dreamdust_ecumenical_altar_drowned_temple,
          uniq_terence, uniq_grinder, uniq_natasha, uniq_crazy_yiuf_cottage

Skill      XL: |  1  2  3  4 |
---------------+-------------+-----
Unarmed Combat | 1 3 |  3.7
Evocations     | 4 |  4.3
Stealth        | 2 |  2.0
Dodging        | 3 |  3.0
Fighting       | |  1.0
Axes           | |  0.6

Action                     |  1- 3 |  4- 6 || total
---------------------------+-------+-------++-------
  Melee: Dagger            |    27 |       ||    27
         Constrict         |    32 |    18 ||    50
         Club              |     5 |       ||     5
         Tentacles         |    32 |    14 ||    46
         Short sword       |    13 |       ||    13
         Punch             |     1 |     2 ||     3
         Unarmed           |    82 |    42 ||   124
         Hand axe          |       |    19 ||    19
  Evoke: Wand              |       |     1 ||     1
   Stab: Sleeping          |     7 |     4 ||    11
         Distracted        |     1 |     2 ||     3
 Armour: Skin              |    59 |    29 ||    88
  Dodge: Dodged            |    74 |    24 ||    98

Table legend: (Time is in decaauts)
 A = Elapsed time spent in this place.
 B = Non-inter-level travel time spent in this place.
 C = Inter-level travel time spent in this place.
 D = Time resting spent in this place.
 E = Time spent auto-exploring this place.
 F = Levels seen in this place.
 G = Mean time per level.
                   A        B        C        D        E       F      G
               +--------+--------+--------+--------+--------+-----+--------+
         Total |   3160 |   2955 |    205 |    518 |   1135 |   3 | 1053.3 |
       Dungeon |   3160 |   2955 |    205 |    518 |   1135 |   3 | 1053.3 |
               +--------+--------+--------+--------+--------+-----+--------+

Top non-repeatable levels by time:
     D:1: 1200 daAuts
     D:2: 1052 daAuts
     D:3: 907 daAuts
